 Dungeon Crawl Stone Soup version 0.19-a0-1550-g31c0f62 (webtiles) character file.

228 AlphabetPasta the Bolt Thrower (level 6, -3/47 HPs)
             Began as a Formicid Hunter on Sept 14, 2016.
             Slain by an orc priest
             ... wielding a cursed -1 flail
              (8 damage)
             ... on level 3 of the Dungeon.
             The game lasted 00:13:14 (2647 turns).

AlphabetPasta the Bolt Thrower (Formicid Hunter)    Turns: 2647, Time: 00:13:14

Health: -3/47      AC: 11    Str: 20    XL:     6   Next: 22%
Magic:  6/6        EV:  8    Int: 11    God:
Gold:   119        SH:  0    Dex: 12    Spells: 0 memorised, 5 levels left

rFire  . . .     SeeInvis +     b - +1 hand crossbow
rCold  . . .     Gourm    .     k - +0 chain mail
rNeg   . . .     Faith    .     (no shield)
rPois  .         Spirit   .     (helmet unavailable)
rElec  .         Dismiss  .     (no cloak)
rCorr  .         Reflect  .     q - +2 pair of gloves {Str+3}
MR     .....     Harm     .     (no boots)
Stlth  ..........               (no amulet)
                                (no ring)
                                (no ring)

@: no status effects
A: permanent stasis, dig shafts and tunnels, four strong arms, antennae 3
a: Dig, Shaft Self


You were on level 3 of the Dungeon.
You were not hungry.

You visited 1 branch of the dungeon, and saw 3 of its levels.

You collected 119 gold pieces.

Inventory:

Hand Weapons
 a - a +0 hand axe
 b - a +1 hand crossbow (weapon)
 j - a +0 short sword
 y - a +0 mace
Missiles
 d - 5 bolts (quivered)
Armour
 k - a +0 chain mail (worn)
 q - a +2 pair of gloves of strength (worn)
Jewellery
 v - an uncursed ring of flight {unknown}
Scrolls
 e - 4 scrolls of identify {unknown}
 h - 3 scrolls of amnesia {unknown}
 r - a scroll of random uselessness {unknown}
 s - a scroll of remove curse {unknown}
 u - a scroll of recharging {unknown}
 x - a scroll of fog {unknown}
Potions
 c - a potion of flight {unknown}
 m - a potion of agility {unknown}
 o - a potion of cure mutation {unknown}
 p - a potion of heal wounds {unknown}
 t - a potion of magic {unknown}
 w - a potion of curing {unknown}
Comestibles
 f - 6 bread rations
 g - 3 beef jerkies
 i - a meat ration
 l - a fruit


   Skills:
 + Level 3.4 Fighting
 * Level 0.8 Axes
 + Level 5.5 Crossbows
 + Level 2.3 Armour
 + Level 2.6 Dodging
 - Level 1.2 Stealth


You had 5 spell levels left.
You didn't know any spells.

Dungeon Overview and Level Annotations

Branches:
Dungeon (3/15)

Altars:

Annotations:
D:3 Haruko's ghost, amateur MiCK


Innate Abilities, Weirdness & Mutations

You are under a permanent stasis effect.
You can dig through walls and to a lower floor.
Your four strong arms can wield two-handed weapons with a shield.
You have a pair of large antennae on your head. (SInv)


Message History

Press: ? - help, Shift-Dir - straight line, f/p - orc priest
Aim: an orc priest, wielding a flail (moderately wounded)
You shoot a bolt. The bolt hits the orc priest.
The orc priest is heavily wounded.
The orc priest hits you with a flail.
* * * LOW HITPOINT WARNING * * *
Firing (i - inventory):
d - 7 bolts (quivered)
Press: ? - help, Shift-Dir - straight line, f/p - orc priest
Aim: an orc priest, wielding a flail (heavily wounded)
You shoot a bolt. The bolt closely misses the orc priest.
The bolt hits the orc!
You kill the orc!
The orc priest hits you but does no damage.
Firing (i - inventory):
d - 6 bolts (quivered)
Press: ? - help, Shift-Dir - straight line, f/p - orc priest
Aim: an orc priest, wielding a flail (heavily wounded)
You shoot a bolt. The bolt hits the orc priest.
The orc priest is severely wounded.
The orc priest hits you with a flail!
You die...

...# #...# #.# ...# #...#
#.# ...# #...# #.# ...#
####...#######.#.#.# ....
#..............#.#.# ...
#.##...#######.#.#.# ..
#.........#....#.#.#
#.#.....#.#.#..#.#.#
#.......#.#@#..#.#.#
#.......#.#o#..#.#.######
#..........().).........#
#......####.#....#.####.#
#......(..)........# #.#
####.#......####.#.######
#.# .......###### #.#...#
#.# ####.## #(#.### #.#
#.#.# #.#


You could see an orc priest.

Vanquished Creatures
  An orc wizard (D:3)
  Ijyb (D:2)
  Terence (D:2)
  7 adders
  2 worms
  3 dart slugs
  A giant gecko (D:3)
  8 orcs (D:3)
  10 bats
  7 goblins
  9 hobgoblins
  7 kobolds
  6 giant newts
  8 rats
71 creatures vanquished.

Notes
Turn   | Place    | Note
-------+----------+-------------------------------------------
     0 | D:1      | AlphabetPasta the Formicid Hunter began the quest for the Orb.
     0 | D:1      | Reached XP level 1. HP: 16/16 MP: 1/1
   154 | D:1      | Reached XP level 2. HP: 22/22 MP: 2/2
   932 | D:2      | Reached XP level 3. HP: 27/28 MP: 3/3
  1162 | D:2      | Reached XP level 4. HP: 29/34 MP: 4/4
  1287 | D:2      | Noticed Ijyb
  1292 | D:2      | Noticed Terence
  1313 | D:2      | Killed Ijyb
  1313 | D:2      | Reached skill level 5 in Crossbows
  1313 | D:2      | Reached skill level 1 in Armour
  1334 | D:2      | Killed Terence
  1334 | D:2      | Reached XP level 5. HP: 31/40 MP: 5/5
  1808 | D:3      | Noticed Haruko's ghost (amateur MiCK)
  2527 | D:2      | Reached XP level 6. HP: 44/47 MP: 6/6
  2647 | D:3      | Slain by an orc priest

Vault maps used:
D:1:      lemuel_arrival_hallway, grunt_decor_one_mirror,
          roderic_hopi_sauvastika
D:2:      uniq_terence, uniq_iyjb
D:3:      wad_river_or_something, first_bread

Skill      XL: |  1  2  3  4  5 |
---------------+----------------+-----
Dodging        | 2 |  2.6
Crossbows      | 5 |  5.5
Armour         | 1 2 |  2.3
Fighting       | 3 |  3.4
Axes           | |  0.8
Stealth        | |  1.2

Action                   |  1- 3 |  4- 6 || total
-------------------------+-------+-------++-------
Melee: Short sword       |   101 |    92 ||   193
       Mace              |       |    20 ||    20
       Hand axe          |       |    49 ||    49
 Fire: Hand crossbow     |    29 |    41 ||    70
  Eat: Chunk             |     1 |     5 ||     6
Armor: Leather armour    |     2 |       ||     2
       Chain mail        |    60 |   106 ||   166
Dodge: Dodged            |    38 |    77 ||   115
